AoeStats
← Dara_Shikoh

Arena

509010489Analyzed
4v4 RM · 8d ago on Sep 25, 2026· 40m 4s· 8 players
Game mode
Random Map
Map size
Large (8 player)
Population
200
Speed
Normal
Resources
Standard
Victory
Conquest
Starting age
Dark Age
Ending age
Imperial Age
RankedLock teamsTeams togetherTeam positionsShared explorationLock speedFull tech treeHidden civsTurbo modeCheats
Victory
Defeat
🇺🇸 Teutons · United States
845
+9
🇨🇳 Huns · China
842
+9
🇲🇽 Persians · Mexico
831
+10
🇺🇸 Khmer · United States
658
+17
🇲🇽 Turks · Mexico
716
-12
🇧🇷 Goths · Brazil
710
-12
🇦🇷 Britons · Argentina
706
-12
🇦🇷 Persians · Argentina
614
-9
filiusgaya
2:44 Loom
12:43 Feudal Age
13:05 Horse Collar
13:14 Double-Bit Axe
13:49 Gold Mining
21:17 Castle Age
22:31 Town Watch
23:22 Wheelbarrow
23:34 Man-at-Arms
27:38 Bow Saw
27:31 Heavy Plow
33:47 Stone Mining
34:33 Gold Shaft Mining
LookVil
11:04 Feudal Age
16:14 Castle Age
14:06 Loom
16:22 Castle Age
16:00 Wheelbarrow
16:35 Forging
16:26 Scale Mail Armor
16:34 Double-Bit Axe
17:26 Bow Saw
18:17 Chain Mail Armor
18:19 Man-at-Arms
19:53 Horse Collar
20:46 Heavy Plow
26:23 Iron Casting
29:22 Hand Cart
34:25 Imperial Age
33:14 Gold Mining
34:54 Caravan
36:06 Blast Furnace
35:17 Pikeman
36:22 Squires
36:20 Halberdier
38:11 Conscription
nachoandy10000
5:15 Loom
11:41 Feudal Age
12:08 Double-Bit Axe
12:06 Horse Collar
12:19 Stone Mining
12:21 Gold Mining
14:01 Wheelbarrow
15:03 Town Watch
22:58 Castle Age
21:46 Man-at-Arms
22:12 Arson
22:58 Long Swordsman
23:23 Gambesons
23:51 Fletching
24:04 Scale Mail Armor
24:58 Squires
31:28 Hand Cart
33:02 Pikeman
35:55 Heavy Plow
alejandronicolass97
11:21 Feudal Age
13:28 Double-Bit Axe
15:15 Stone Mining
20:10 Castle Age
19:47 Gold Mining
21:01 Horse Collar
23:59 Fortified Wall
25:59 Murder Holes
26:37 Padded Archer Armor
27:54 Fletching
29:45 Wheelbarrow
29:47 Caravan
30:04 Bow Saw
35:33 Imperial Age
34:25 Leather Archer Armor
35:29 Ballistics
35:10 Bodkin Arrow
37:18 Chemistry
37:26 Ring Archer Armor
36:57 Bracer
37:56 Conscription
Dara_Shikoh
0:27 Loom
10:27 Feudal Age
14:50 Castle Age
14:42 Stone Mining
15:29 Double-Bit Axe
17:29 Bow Saw
19:32 Gold Mining
25:08 Horse Collar
28:24 Wheelbarrow
31:56 Gold Shaft Mining
32:57 Hand Cart
36:54 Imperial Age
35:40 Light Cavalry
36:30 Bloodlines
37:39 Double Crossbow
38:15 Ballistics
38:58 Chemistry
38:10 Scale Barding Armor
38:16 Forging
38:41 Siege Engineers
39:29 Chain Barding Armor
38:35 Hussar
40:16 Iron Casting
☁Dorkie✪ ヅ
11:05 Feudal Age
15:22 Castle Age
13:11 Double-Bit Axe
13:08 Horse Collar
13:37 Gold Mining
14:28 Stone Mining
16:12 Heavy Plow
16:20 Loom
20:20 Bow Saw
21:51 Squires
24:09 Scale Mail Armor
32:23 Imperial Age
30:16 Pikeman
33:19 Wheelbarrow
32:30 Town Watch
32:59 Forging
33:37 Conscription
35:50 Chain Mail Armor
36:23 Halberdier
38:05 Fletching
41:02 Plate Mail Armor
Tentramitrozo 100 mg
0:42 Loom
12:11 Feudal Age
顺风打工人
11:06 Feudal Age
15:53 Castle Age
13:58 Double-Bit Axe
14:10 Horse Collar
14:55 Gold Mining
16:07 Stone Mining
22:11 Bow Saw
24:08 Fervor
25:38 Heavy Plow
26:31 Wheelbarrow
25:42 Town Watch
27:43 Gold Shaft Mining
28:54 Hand Cart
29:37 Loom
32:27 Imperial Age
30:10 Forging
30:05 Scale Barding Armor
30:50 Marauders
31:30 Iron Casting
31:31 Bloodlines
31:22 Husbandry
32:14 Chain Barding Armor
34:27 Blast Furnace
34:03 Plate Barding Armor
33:45 Guilds
33:22 Elite Tarkan
34:23 Conscription
35:39 Two-Man Saw
34:16 Cavalier
35:19 Atheism
35:48 Paladin
Connection lost

Rejoining the realm…

Still unreachable

The connection could not be restored.

Session expired

The server has moved on; the page needs a fresh start.